 Dungeon Crawl Stone Soup version 0.29-a0-90-gc37658a0fe (webtiles) character file.

Game seed: 6507928303168570141

65996 MacCMillion the Convoker (level 14, -4/69 HPs)
             Began as a Felid Summoner on Feb 1, 2022.
             Was an Initiate of Gozag.
             Slain by a tarantella (15 damage)
             ... on level 3 of the Spider Nest on Feb 6, 2022.
             The game lasted 03:17:11 (39528 turns).

MacCMillion the Convoker (Felid Summoner)          Turns: 39528, Time: 03:17:13

Health: -4/69      AC:  5    Str:  4    XL:     14   Next: 77%
Magic:  6/33       EV: 14    Int: 26    God:    Gozag
Gold:   4514       SH:  0    Dex: 19    Spells: 5/26 levels left
                                        Lives:  0   Deaths: 3

rFire   . . .      SeeInvis +   (weapon unavailable)
rCold   + + .      Faith    .   (shield unavailable)
rNeg    . . .      Spirit   .   (armour unavailable)
rPois   .          Reflect  .   (helmet unavailable)
rElec   .          Harm     .   (cloak unavailable)
rCorr   .          Rampage  +   (gloves unavailable)
Will    +++..                   (boots unavailable)
Stlth   +++.......              z - amulet "Bayloaj" {RegenMP Rampage rC+ Int+2}
HPRegen 0.21/turn               a - ring of magical power
MPRegen 0.63/turn               H - ring of willpower

@: about to teleport, held, quick
A: very small, claws 1, fangs 3, see invisible, speed 1, shaggy fur 3, stealthy
paws, no weapons or thrown items, no armour, multi-lived, horns 1, iridescent
scales 1, thin skeletal structure 1
a: Renounce Religion, Potion Petition, Call Merchant, Bribe Branch


You were on level 3 of the Spider Nest.
You worshipped Gozag.
Gozag was most pleased with you.
You visited 5 branches of the dungeon, and saw 27 of its levels.
You also visited: Bailey.

You collected 8358 gold pieces.
You spent 993 gold pieces at shops.
You paid 2851 gold pieces to Gozag.

Inventory:

Jewellery
 a - a ring of magical power (left paw)
 n - a ring of protection from cold
 z - the amulet "Bayloaj" (around neck) {RegenMP Rampage rC+ Int+2}
   (You bought it in a shop on level 2 of the Lair of Beasts)

   [amulet of magic regeneration]

   It increases your rate of magic regeneration.
   Int:       It affects your intelligence (+2).
   rC:        It protects you from cold.
   Rampage:   It bestows one free step when moving towards enemies.
 D - a ring of magical power
 G - an amulet of regeneration
 H - a ring of willpower (right paw)
 I - a +4 ring of protection
 O - a +6 ring of intelligence
Wands
 g - a wand of digging (2)
 k - a wand of flame (33)
 q - a wand of iceblast (36)
 r - a wand of acid (6)
 t - a wand of charming (17)
 N - a wand of paralysis (2)
 P - a wand of polymorph (5)
Scrolls
 b - 2 scrolls of noise
 d - 4 scrolls of teleportation
 i - 6 scrolls of vulnerability
 o - 4 scrolls of fear
 s - a scroll of silence
 v - a scroll of torment
 w - 4 scrolls of immolation
 x - 3 scrolls of magic mapping
 y - 4 scrolls of fog
 C - a scroll of holy word
 E - 3 scrolls of enchant armour
 F - a scroll of summoning
 K - 3 scrolls of amnesia
 L - 3 scrolls of identify
 M - 2 scrolls of blinking
Potions
 c - 4 potions of attraction
 e - 3 potions of resistance
 f - a potion of might
 h - 6 potions of mutation
 j - 2 potions of haste
 l - a potion of cancellation
 m - 4 potions of flight
 p - a potion of berserk rage
 u - 6 potions of curing
 B - a potion of heal wounds
 J - a potion of brilliance
 Q - a potion of lignification
Miscellaneous
 A - a lightning rod (4/4)
 R - a box of beasts


   Skills:
 - Level 12.0 Fighting
 - Level 14.0 Dodging
 - Level 2.6 Stealth
 - Level 6.6 Spellcasting
 - Level 5.0 Hexes
 - Level 17.0 Summonings
 - Level 2.8 Translocations
 + Level 10.1 Transmutations
 + Level 13.9 Air Magic


You had 5 spell levels left.
You knew the following spells:

 Your Spells              Type           Power      Damage    Failure   Level
a - Summon Small Mammal   Summ           100%       N/A       0%          1
b - Call Canine Familiar  Summ           77%        N/A       1%          3
c - Summon Cactus Giant   Summ           38%        N/A       1%          6
d - Airstrike             Air            34%        N/A       1%          4
e - Summon Lightning Spi  Summ/Air       73%        N/A       1%          4
q - Swiftness             Air            69%        N/A       1%          3

Your spell library contained the following spells:

 Spells                   Type           Power      Damage    Failure   Level
 Call Imp                 Summ           77%        N/A       0%          2
 Apportation              Tloc           46%        N/A       1%          1
 Shock                    Conj/Air       100%       1d9       1%          1
 Passwall                 Tmut/Erth      28%        N/A       1%          2
 Summon Guardian Golem    Hex/Summ       60%        N/A       1%          3
 Tukima's Dance           Hex            34%        N/A       2%          3
 Blink                    Tloc           46%        N/A       3%          2
 Ensorcelled Hibernation  Hex/Ice        42%        N/A       3%          2
 Mephitic Cloud           Conj/Pois/Air  32%        N/A       3%          3
 Gell's Gravitas          Tloc           23%        N/A       6%          3
 Teleport Other           Tloc           23%        N/A       6%          3
 Animate Skeleton         Necr           16%        N/A       7%          1
 Magic Dart               Conj           32%        1d4       7%          1
 Pain                     Necr           32%        1d5       7%          1
 Sandblast                Erth           16%        2d6       7%          1
 Dazzling Flash           Conj/Hex       42%        N/A       7%          3
 Petrify                  Tmut/Erth      34%        N/A       9%          4
 Yara's Violent Unravell  Hex/Tmut       23%        3d10      9%          5
 Scorch                   Fire           16%        2d5       10%         2
 Stone Arrow              Conj/Erth      16%        3d8       21%         3
 Vampiric Draining        Necr           8%         2d6       21%         3
 Passage of Golubria      Tloc           23%        N/A       21%         4
 Alistair's Intoxication  Tmut/Pois      22%        N/A       22%         5
 Iskenderun's Mystic Bla  Conj/Tloc      16%        2d5       34%         4
 Manifold Assault         Tloc           23%        N/A       50%         5
 Flame Wave               Conj/Fire      8%         2d5       54%         4
 Metabolic Englaciation   Hex/Ice        10%        N/A       54%         5
 Storm Form               Tmut/Air       31%        N/A       36%         7
 Conjure Ball Lightning   Conj/Air       22%        3x3d6     50%         6
 Statue Form              Tmut/Erth      22%        N/A       77%         6
 Spellforged Servitor     Conj/Summ      26%        N/A       86%         7
 Dispersal                Tloc           11%        N/A       97%         6
 Starburst                Conj/Fire      4%         6d3       100%        6
 Orb of Destruction       Conj           4%         9d5       100%        7
 Discord                  Hex            17%        N/A       100%        8
 Disjunction              Tloc           11%        N/A       100%        8


Dungeon Overview and Level Annotations

Branches:
Dungeon (15/15)            Temple (1/1) D:5            Lair (6/6) D:8
 Shoals (0/4) Lair:4       Spider (3/4) Lair:3        Slime (0/5) Lair:6
    Orc (2/2) D:10            Elf (0/3) Orc:2        Vaults (0/5) D:13
 Bailey (visited)
 Depths: D:15

Altars:
Ashenzari
Cheibriados
Dithmenos
Elyvilon
Fedhas
Gozag
Hepliaklqana
Kikubaaqudgha
Makhleb
Nemelex Xobeh
Okawaru
Qazlal
Ru
Sif Muna
Trog
Uskayaw
Vehumet
Wu Jian
Xom
Yredelemnul
Zin
The Shining One
Beogh
Jiyva

Shops:
Orc:2 (!([   Lair:2 =   Lair:6 !:?

Annotations:
D:3 3 runed translucent doors, paps's ghost, weakling OpFi
D:6 2 transporters, Menkaure
D:10 5 transporters, Nattfarinn's ghost, novice NaVM
D:13 exclusions: centaur warrior and door
D:15 exclusion: fire dragon
Lair:2 exclusions: electric eel and 3 more exclusions
Lair:3 exclusion: oklob plant
Lair:4 2 exclusions
Spider:3 2 exclusions, Mara
Orc:2 Jorgrun


Innate Abilities, Weirdness & Mutations

You have sharp claws.
You have razor-sharp teeth.
You have supernaturally acute eyesight. (SInv)
You cover ground quickly. (Speed+)
Your thick and shaggy fur keeps you warm. (AC +3, rC+)
Your paws help you pounce on unaware monsters.
You are incapable of wielding weapons or throwing items.
You cannot wear armour.
You gain extra lives every three experience levels.
You have a pair of small horns on your head.
You are partially covered in iridescent scales. (AC +2)
You have a somewhat thin skeletal structure. (Dex +2, Stealth+)


Message History

Unknown command.
The redback is struck by your cactus giant's spines.
The redback dies!
The redback's corpse disappears in a puff of smoke!
The broodmother summons a spider!
The jumping spider leaps!
Casting: Summon Cactus Giant (dangerous; 1% risk of failure)
Confirm with . or Enter, or press ? or * to list all spells.
Okay, then.
You feel much better. The tarantella closely misses you.
Your cactus giant hits the broodmother with a +0 giant spiked club!!
The jumping spider leaps!
Send 'em back where they came from!
Your cactus giant disappears in a puff of smoke!
The tarantella completely misses you.
Unknown command.
The jumping spider leaps!
Casting: Summon Cactus Giant (dangerous; 1% risk of failure)
Confirm with . or Enter, or press ? or * to list all spells.
The jumping spider completely misses you.
The jumping spider closely misses you. The tarantella completely misses you.
The jumping spider completely misses you.
The jumping spider bites you but does no damage.
You swap places.
The jumping spider pounces on you! The jumping spider misses you.
The tarantella completely misses you.
Your warg bites the jumping spider!
Unknown command.
A jumping spider comes into view.
The jumping spider pounces on you!
* * * LOW HITPOINT WARNING * * *
You are caught in a web!
The jumping spider bites you.
* * * LOW HITPOINT WARNING * * *
Your warg barely misses the jumping spider.
There is a web here.
As you read the scroll of teleportation, it crumbles to dust.
You feel strangely unstable.
The jumping spider hisses angrily.
You hear an angry hiss.
The jumping spider barely misses you. The jumping spider bites you.
* * * LOW HITPOINT WARNING * * *
The tarantella touches you!
You die...
Your body crumbles into a pile of gold.

### ## #######^#####.# #
#...##.§.#.#^.# $ ###.
#...##s§s#^..^#
....###..§.s#s^.#
###.......#...#h..#
#....###.#.#..#ss.##
##^..#.#.....s..@^.#
..#...(.#.##.#....#.^..s
......#..$.$.^(.#.^....^
.#.##^.$...$..$#....##.#
#....#$##.####....#... #
..##.^.<#....##..##^#..
..>...#.$.#..^.... ...##
^....^...#.^..#.. #..
###.......#..#..


You could see a broodmother, 3 jumping spiders, 2 tarantellas and a friendly
warg (summoned).

Vanquished Creatures
  A ghost moth (Spider:1)
  A centaur warrior (D:14)
  3 orc high priests (Orc:2)
  3 orb spiders (Spider:2)
  A necromancer (D:13)
  3 orc sorcerers (Orc:2)
  A deep elf pyromancer (D:12)
  A centaur zombie (D:10)
  2 meliai
  A shadow (D:11)
  A redback (Spider:2)
  A warg (Orc:1)
  An orc warrior (Orc:2)
  7 centaurs
  4 wights (D:9)
  2 electric eels
  15 orc priests
  3 orc wizards (Orc:2)
  2 orcs (D:10)
  A goblin (D:7)
  2 jackals (D:4)
  A quokka (D:2)
57 creatures vanquished.

Vanquished Creatures (collateral kills)
  Donald (Spider:2)
  2 emperor scorpions
  An orc warlord (Orc:1)
  Louise (Spider:1)
  3 broodmothers
  An entropy weaver (Spider:1)
  6 boulder beetles
  9 hydras
  A jorogumo (Spider:2)
  3 catoblepae
  3 centaur warriors
  4 two-headed ogres
  A tengu warrior (D:15)
  An orc high priest (Orc:2)
  Sonja (Lair:3)
  5 pharaoh ants
  2 orb spiders
  A wizard (D:12)
  4 steelbarb worms (Spider:2)
  A lindwurm (D:13)
  Pikel (D:8)
  A deep elf pyromancer (D:15)
  11 wolf spiders
  A phantasmal warrior (D:13)
  3 orc knights
  7 ugly things
  4 cyclopes
  Maurice (D:8)
  5 manticores
  A moth of wrath (Spider:1)
  5 black mambas
  A merfolk siren (Lair:4)
  19 elephants
  3 torpor snails
  A guardian serpent (Lair:6)
  19 cane toads
  2 gargoyles (D:12)
  2 yaktaurs (D:15)
  2 rime drakes (Lair:4)
  2 demonic crawlers (Spider:2)
  A freezing wraith (D:15)
  8 komodo dragons
  3 trolls
  A polar bear (shapeshifter) (D:13)
  4 meliai
  28 blink frogs
  13 tarantellas
  3 hornets (Lair:6)
  2 polar bears
  3 slime creatures (D:14)
  13 jumping spiders
  2 wraiths
  16 wyverns
  A vampire (D:12)
  14 culicivoras
  25 yaks
  A shadow (D:10)
  5 basilisks
  Grum (Bailey)
  4 water elementals (D:13)
  24 redbacks
  8 vampire mosquitoes
  2 acid dragons (D:13)
  2 wargs
  35 water moccasins
  2 hell hounds (Lair:3)
  17 orc warriors
  A sky beast (D:5)
  An ice beast (D:5)
  4 ogres
  27 wolves
  2 phantoms (D:5)
  8 centaurs
  2 lemures (D:8)
  4 scorpions
  8 bullfrogs
  9 gnoll sergeants
  A wyvern skeleton (D:6)
  2 water moccasin skeletons (D:5)
  3 killer bees (Lair:3)
  A howler monkey (D:6)
  A nameless horror (D:13)
  A bullfrog zombie (D:5)
  13 orc priests
  5 hounds
  3 centaur zombies
  3 jellies
  5 iguanas
  Jessica (D:3)
  5 gnoll shamans (Bailey)
  A scorpion zombie (D:5)
  18 orc wizards
  A killer bee zombie (D:8)
  A hound skeleton (D:5)
  17 gnolls
  17 adders
  A shadow imp (D:7)
  2 white imps (D:5)
  An adder skeleton (D:5)
  A dart slug (D:3)
  71 orcs
  8 endoplasms
  2 giant cockroaches (D:3)
  9 goblins
  6 hobgoblins
  7 jackals
  2 quokkas
  7 ball pythons
  6 bats
  3 frilled lizards
  8 kobolds
  6 rats
685 creatures vanquished.

Vanquished Creatures (others)
  A hydra (Lair:3)
  Urug (Lair:6)
  2 elephants
  2 cane toads
  A komodo dragon (Lair:3)
  A meliai (Lair:3)
  2 blink frogs
  4 yaks
  3 wyverns
  A basilisk (Lair:6)
  A water moccasin (Lair:4)
  2 black bears
  4 ogres (D:5)
  A wolf (Lair:1)
  A water moccasin zombie (D:5)
  A gnoll shaman (Bailey)
  A gnoll (Bailey)
  64 fungi
  148 plants
241 creatures vanquished.

Grand Total: 983 creatures vanquished

Notes
Turn   | Place    | Note
-------+----------+-------------------------------------------
     0 | D:1      | MacCMillion the Felid Summoner began the quest for the Orb.
     0 | D:1      | Reached XP level 1. HP: 7/7 MP: 4/4
   458 | D:1      | Reached XP level 2. HP: 11/11 MP: 4/6
   707 | D:1      | Found a faded altar of an unknown god.
  1188 | D:2      | Reached XP level 3. HP: 10/14 MP: 8/8
  1277 | D:1      | Learned a level 3 spell: Call Canine Familiar
  1547 | D:2      | Found a hide-covered altar of Uskayaw.
  1956 | D:3      | Reached skill level 5 in Summonings
  1956 | D:3      | Reached XP level 4. HP: 18/18 MP: 9/9
  1960 | D:3      | Learned a level 3 spell: Summon Guardian Golem
  2074 | D:3      | Found a runed translucent gate.
  2075 | D:3      | Found a runed translucent gate.
  2077 | D:3      | Found a runed translucent gate.
  2077 | D:3      | Noticed paps's ghost (weakling OpFi)
  2080 | D:3      | Noticed a kobold brigand
  2336 | D:3      | Reached skill level 1 in Hexes
  2464 | D:3      | Found a hazy altar of Hepliaklqana.
  2694 | D:3      | Noticed Jessica
  2726 | D:3      | Killed Jessica
  3401 | D:4      | Noticed a black bear
  3425 | D:4      | Reached XP level 5. HP: 21/21 MP: 10/10
  3429 | D:4      | Killed a black bear
  3529 | D:4      | Gained mutation: You are covered in thick fur. (AC +2)
                  | [Felid growth]
  3529 | D:4      | Reached XP level 6. HP: 24/24 MP: 11/11
  3632 | D:4      | Gained mutation: You are partially covered in iridescent
                  | scales. (AC +2) [potion of mutation]
  3632 | D:4      | Gained mutation: You have a pair of small horns on your
                  | head. [potion of mutation]
  3632 | D:4      | Gained mutation: You have a somewhat thin skeletal
                  | structure. (Dex +2, Stealth+) [potion of mutation]
  3634 | D:4      | Reached skill level 6 in Summonings
  4336 | D:4      | Reached skill level 5 in Hexes
  4492 | D:5      | Entered Level 5 of the Dungeon
  4515 | D:5      | Reached skill level 7 in Summonings
  4515 | D:5      | Reached XP level 7. HP: 27/27 MP: 12/12
  4962 | D:5      | Found a staircase to the Ecumenical Temple.
  4975 | Temple   | Entered the Ecumenical Temple
  5181 | Temple   | Became a worshipper of Gozag Ym Sagoz the Greedy
  5182 | Temple   | Upgraded the game from 0.29-a0-39-g581ba40fa7 to
                  | 0.29-a0-41-g89e12c0570
  5264 | D:5      | Reached skill level 8 in Summonings
  5541 | D:5      | Learned a level 4 spell: Summon Lightning Spire
  5613 | D:5      | Reached skill level 1 in Air Magic
  5613 | D:5      | Reached XP level 8. HP: 31/31 MP: 13/13
  5628 | D:5      | Reached skill level 9 in Summonings
  6650 | D:5      | Reached skill level 5 in Air Magic
  6770 | D:5      | Reached XP level 9. HP: 34/34 MP: 14/14
  7475 | D:6      | Found an ancient bone altar of Kikubaaqudgha.
  7487 | D:6      | Reached skill level 10 in Summonings
  7487 | D:6      | Found a stormy altar of Qazlal.
  7555 | D:6      | Reached skill level 1 in Fighting
  7800 | D:6      | Found a shimmering altar of Xom.
  8003 | D:6      | Noticed Menkaure
  8006 | D:6      | Found a basalt altar of Yredelemnul.
  8166 | D:6      | Found a transporter.
  8168 | D:6      | Found a transporter.
  8346 | D:6      | Identified the +1 whip of True Grit {flame, rC+ rN+ Dex+6}
  8397 | D:7      | Found an iron altar of Okawaru.
  8566 | D:7      | Found a shadowy altar of Dithmenos.
  8605 | D:7      | Found a flagged portal.
  8631 | Bailey   | Entered a bailey
  8867 | Bailey   | Noticed Grum
  8875 | Bailey   | Killed Grum
  9039 | Bailey   | Identified the +8 rapier "Xiluatam" {vorpal, *Noise rElec
                  | Dex+4}
  9055 | Bailey   | Reached XP level 10. HP: 42/42 MP: 11/15
  9295 | Bailey   | Identified the +1 shortbow of the End of Times {venom,
                  | *Slow +Blink MP+9 SInv}
  9625 | D:7      | Reached skill level 11 in Summonings
  9725 | D:7      | Reached skill level 5 in Dodging
 10579 | D:8      | HP: 2/43 [wyvern (11)]
 10586 | D:8      | Slain by a wyvern
 10587 | D:8      | Reached XP level 9. HP: 0/39 MP: 15/23
 10649 | D:8      | Identified the +1 chain mail of the Game of Kings {rN+}
 10901 | D:8      | Noticed Maurice
 10917 | D:8      | Killed Maurice
 10949 | D:8      | Noticed Pikel
 10978 | D:8      | Killed Pikel
 10979 | D:8      | Reached skill level 5 in Fighting
 11116 | D:8      | Found a staircase to the Lair.
 11192 | Lair:1   | Entered Level 1 of the Lair of Beasts
 11207 | Lair:1   | Noticed a cane toad
 11222 | Lair:1   | Noticed a cane toad
 11225 | Lair:1   | Killed a cane toad
 11238 | Lair:1   | Killed a cane toad
 11239 | Lair:1   | Reached XP level 10. HP: 45/45 MP: 10/15
 11314 | Lair:1   | Noticed a cane toad
 11326 | Lair:1   | Killed a cane toad
 11358 | Lair:1   | Noticed a seven-headed hydra
 11407 | Lair:1   | Killed a seven-headed hydra
 11666 | Lair:1   | Noticed a cane toad
 11676 | Lair:1   | Killed a cane toad
 11951 | Lair:1   | Noticed a black mamba
 11974 | Lair:1   | Killed a black mamba
 11975 | Lair:1   | Reached skill level 12 in Summonings
 12144 | Lair:1   | Noticed a cane toad
 12152 | Lair:1   | Killed a cane toad
 12259 | Lair:1   | Noticed a five-headed hydra
 12302 | Lair:1   | Killed a five-headed hydra
 12919 | Lair:2   | Reached XP level 11. HP: 49/49 MP: 15/16
 13986 | Lair:3   | Noticed a six-headed hydra
 14534 | Lair:3   | Killed a six-headed hydra
 14887 | Lair:3   | Noticed a six-headed hydra
 14906 | Lair:3   | Killed a six-headed hydra
 15142 | Lair:3   | Noticed Sonja
 15146 | Lair:3   | Noticed a four-headed hydra
 15177 | Lair:3   | Killed a four-headed hydra
 15178 | Lair:3   | Reached skill level 13 in Summonings
 15178 | Lair:3   | Gained mutation: Your thick and shaggy fur keeps you warm.
                  | (AC +3, rC+) [Felid growth]
 15178 | Lair:3   | Reached XP level 12. HP: 54/56 MP: 6/17
 15192 | Lair:3   | Reached skill level 10 in Dodging
 15321 | Lair:3   | Reached skill level 10 in Air Magic
 15547 | Lair:3   | Killed Sonja
 15823 | Lair:3   | Found the +1 robe of Vines {NoPotionHeal Regen++++}
 15858 | Lair:3   | Noticed a catoblepas
 15875 | Lair:3   | Killed a catoblepas
 15904 | Lair:3   | Found a hole to the Spider Nest.
 15906 | Lair:3   | Noticed a seven-headed hydra
 15923 | Lair:3   | Killed a seven-headed hydra
 17892 | Lair:4   | Reached skill level 10 in Fighting
 17975 | Lair:4   | Reached skill level 14 in Summonings
 18080 | Lair:2   | Bought the amulet "Bayloaj" {RegenMP Rampage rC+ Int+2} for
                  | 626 gold pieces
 18395 | Lair:4   | Noticed a five-headed hydra
 18404 | Lair:4   | Killed a five-headed hydra
 18506 | Lair:4   | Found a staircase to the Shoals.
 18824 | Lair:4   | Reached XP level 13. HP: 51/62 MP: 18/18
 19168 | Lair:4   | Identified the +0 pair of boots of the Bedazzling Clam
                  | {Int+6}
 20099 | Lair:5   | Reached skill level 15 in Summonings
 20307 | Lair:6   | Entered Level 6 of the Lair of Beasts
 20309 | Lair:6   | Found a staircase to the Slime Pits.
 20309 | Lair:6   | Found a viscous altar of Jiyva.
 20404 | Lair:6   | Noticed Urug
 21161 | Lair:6   | Reached skill level 16 in Summonings
 21589 | Lair:6   | Reached XP level 14. HP: 69/69 MP: 17/19
 21608 | Lair:6   | Killed Urug
 21907 | Lair:6   | Reached skill level 17 in Summonings
 22380 | Lair:6   | Bought a scroll of fog for 28 gold pieces
 22391 | Lair:6   | Upgraded the game from 0.29-a0-41-g89e12c0570 to
                  | 0.29-a0-67-g1d65ae1bb4
 22395 | Lair:6   | Upgraded the game from 0.29-a0-67-g1d65ae1bb4 to
                  | 0.29-a0-90-gc37658a0fe
 22399 | Lair:6   | Bought a potion of heal wounds for 75 gold pieces
 22403 | Lair:6   | Bought a book of Air for 264 gold pieces
 22408 | Lair:6   | Learned a level 4 spell: Airstrike
 22412 | Lair:6   | Learned a level 3 spell: Swiftness
 22766 | D:9      | Found a blossoming altar of Fedhas.
 23414 | D:10     | Entered Level 10 of the Dungeon
 23491 | D:10     | Found a transporter.
 23500 | D:10     | Noticed Nattfarinn's ghost (novice NaVM)
 23548 | D:10     | Found a transporter.
 23555 | D:10     | Found a transporter.
 23625 | D:10     | Found a transporter.
 23682 | D:10     | Found a staircase to the Orcish Mines.
 23704 | D:10     | Found a transporter.
 23710 | D:10     | Found a transporter.
 23784 | D:10     | Learned a level 6 spell: Summon Cactus Giant
 23815 | D:10     | Found a transporter.
 23832 | D:10     | Found a transporter.
 23999 | D:10     | Found a sacrificial altar of Ru.
 24006 | D:10     | Found a snail-covered altar of Cheibriados.
 24017 | D:10     | Identified the +2 war axe "Paifoy" {pain, Str+5 Dex+3}
 24104 | Orc:1    | Entered Level 1 of the Orcish Mines
 24342 | Orc:1    | Noticed an orc warlord
 24366 | Orc:1    | Killed an orc warlord
 24557 | Orc:2    | Entered Level 2 of the Orcish Mines
 24678 | Orc:2    | Noticed Jorgrun
 24893 | Orc:2    | Reached skill level 5 in Spellcasting
 25286 | Orc:2    | Found a staircase to the Elven Halls.
 25642 | Orc:2    | Found Ryvutt's Antique Weapon Shop.
 25642 | Orc:2    | Found Gaahep's Weapon Boutique.
 25644 | Orc:2    | Found Fihodu's Armour Boutique.
 25647 | Orc:2    | Found Yzol's Distillery.
 29207 | D:13     | Reached skill level 1 in Translocations
 30285 | D:13     | Found a gate to the Vaults.
 30838 | D:14     | Reached XP level 15. HP: 25/72 MP: 25/25
 30928 | D:14     | Reached skill level 1 in Transmutations
 32466 | D:15     | Entered Level 15 of the Dungeon
 34143 | D:15     | Found a white marble altar of Elyvilon.
 34377 | D:15     | Found a sparkling altar of Nemelex Xobeh.
 34809 | Spider:1 | Entered Level 1 of the Spider Nest
 34819 | Spider:1 | Mangled by a meliai
 34820 | Spider:1 | Reached XP level 14. HP: -9/69 MP: 24/33
 34857 | Spider:1 | HP: 1/69 [jumping spider (6)]
 34857 | Spider:1 | Slain by a jumping spider
 34858 | Spider:1 | Reached XP level 13. HP: 0/64 MP: 23/32
 34888 | Spider:1 | Reached skill level 5 in Transmutations
 34888 | Spider:1 | Noticed a ghost moth
 35228 | Spider:2 | Noticed a broodmother
 35256 | Spider:2 | Killed a broodmother
 35397 | Spider:2 | Noticed a broodmother
 35465 | Spider:2 | Killed a broodmother
 35839 | Spider:2 | Noticed an emperor scorpion
 35846 | Spider:2 | Reached XP level 14. HP: 69/69 MP: 24/24
 35856 | Spider:2 | Killed an emperor scorpion
 36064 | Spider:2 | Noticed Donald
 36073 | Spider:2 | Killed Donald
 36796 | Spider:1 | Noticed Louise
 36814 | Spider:1 | Killed Louise
 36841 | Spider:1 | Noticed an emperor scorpion
 36894 | Spider:1 | Killed an emperor scorpion
 37037 | Spider:1 | Killed a ghost moth
 37544 | Spider:1 | Noticed a broodmother
 37993 | Spider:1 | Killed a broodmother
 38969 | Spider:3 | Noticed Mara
 38970 | Spider:3 | Noticed a broodmother
 39343 | Spider:3 | Reached skill level 10 in Transmutations
 39528 | Spider:3 | Slain by a tarantella

Illustrated notes

Levels and vault maps discovered:
D:1:      minmay_arrival_four_circles, layout_basic,
          chequers_ecumenical_altar_simple_redux
D:2:      layout_rooms, basic_altar
D:3:      layout_loops_corners, mainiacjoe_overflow_alcove_1,
          gammafunk_ghost_nasty_kobolds, chequers_serial_rivers_room_a,
          uniq_jessica
D:4:      layout_basic
D:5:      kennysheep_windowed_halls, layout_basic, temple_fountains,
          grunt_decor_resistance
D:6:      layout_rooms, lemuel_crystal_altar, dk_xom_monty_hall,
          gammafunk_temple_of_torment, serial_rivers,
          chequers_serial_rivers_small_b, chequers_serial_rivers_micro_d,
          chequers_serial_rivers_room_a, chequers_serial_rivers_marsh,
          chequers_serial_rivers_large_b, chequers_serial_rivers_micro_c
D:7:      layout_loops_ring, mainiacjoe_overflow_small_starburst,
          okawaru_trees_1, enter_bailey_5
D:8:      layout_loops_ring, dpeg_oklobed_lair, dk_vineyard_3, uniq_maurice,
          uniq_pikel
D:9:      layout_basic, lemuel_tele_altar, chequers_serial_rivers_micro_e,
          wad_floor_pattern_2, corexii_leaking_fountain
D:10:     layout_roguey, amethyst_overflow_temple_binary, david_orc_3,
          gammafunk_ghost_berserking_beasts, serial_nicolae_subway,
          nicolae_sub_station_metal, nicolae_sub_station_crystal,
          nicolae_sub_station_stone
D:11:     layout_layer_cave, hangedman_decor_clover_reticule
D:12:     layout_cave_pods
D:13:     layout_basic, david_vaults_4
D:14:     layout_long_grid
D:15:     grunt_enter_depths_hoard, layout_basic, lemuel_doored_altar,
          nicolae_elyvilon_temple_path
Temple:   minmay_temple_bridge_abc
Lair:1:   layout_regular_city, serial_bayou_shore_b
Lair:2:   layout_small_grid, nicolae_quartered_pool_super,
          chequers_serial_rivers_small_a, serial_bayou_shore_b,
          lemuel_fruit_fields
Lair:3:   beast_lair_carwin_large_2, layout_cave_pods,
          hellmonk_spider_entry_not_the_bees, enter_volcano_3,
          hellmonk_guarded_unrand_vines, uniq_sonja
Lair:4:   lemuel_reptile_caves, layout_loops_ring,
          minmay_shoals_entry_lonely_mermaid, serial_bayou_shore_a
Lair:5:   layout_roguey
Lair:6:   hangedman_lair_tendril_chambers, layout_loops_ring, slime_altar_1,
          infiniplex_staircase_pool_2, lemuel_fruit_tree, uniq_urug
Spider:1: layout_spider_delve, portal_ice_cave_entry_pillars_three,
          nicolae_spider_rock_and_or_roll, hangedman_spider_tarantella_strand,
          uniq_louise
Spider:2: layout_spider_delve, uniq_donald
Spider:3: layout_spider_delve, uniq_mara
Orc:1:    layout_diamond_mine, basic_altar
Orc:2:    st_orc_mages, layout_caves, uniq_jorgrun

Skill      XL: |  1  2  3  4  5  6  7  8  9 10 11 12 13 14 15 |
---------------+----------------------------------------------+-----
Spellcasting   | 3 6 |  6.6
Summonings     | 5 7 8 9 10 12 13 14 16 17 | 17.0
Hexes          | 2 4 5 |  5.0
Air Magic      | 1 5 8 9 10 13 12 | 13.9
Fighting       | 5 6 8 10 12 | 12.0
Dodging        | 4 7 9 12 14 | 14.0
Translocations | 2 |  2.8
Transmutations | 7 10 4 | 10.1
Stealth        | |  2.6

Action                   |  1- 3 |  4- 6 |  7- 9 | 10-12 | 13-15 || total
-------------------------+-------+-------+-------+-------+-------++-------
Melee: Unarmed           |     2 |     9 |     7 |    12 |    42 ||    72
       Headbutt          |       |       |     2 |     3 |    22 ||    27
       Bite              |       |       |     2 |     2 |     9 ||    13
       Punch             |       |       |       |       |     1 ||     1
 Cast: Summon Small Mamm |    54 |    17 |    58 |    39 |    15 ||   183
       Call Canine Famil |     8 |    21 |    56 |    52 |   176 ||   313
       Summon Guardian G |       |     3 |    18 |    25 |     8 ||    54
       Summon Lightning  |       |       |    24 |   105 |   236 ||   365
       Summon Cactus Gia |       |       |       |       |   114 ||   114
       Airstrike         |       |       |       |       |   135 ||   135
       Swiftness         |       |       |       |       |     3 ||     3
Invok: Call Merchant     |       |       |       |     1 |     3 ||     4
Evoke: Wand              |       |       |       |       |     4 ||     4
  Use: Potion            |       |     4 |       |       |    11 ||    15
       Scroll            |       |     1 |     4 |    11 |    16 ||    32
 Stab: Sleeping          |       |       |       |       |     1 ||     1
Armor: Skin              |     1 |    32 |     7 |     5 |    29 ||    74
Dodge: Dodged            |    22 |    22 |    42 |   134 |   344 ||   564

Table legend: (Time is in decaauts)
 A = Elapsed time spent in this place.
 B = Non-inter-level travel time spent in this place.
 C = Inter-level travel time spent in this place.
 D = Time resting spent in this place.
 E = Time spent auto-exploring this place.
 F = Levels seen in this place.
 G = Mean time per level.
                   A        B        C        D        E       F      G
               +--------+--------+--------+--------+--------+-----+--------+
         Total |  35039 |  33786 |   1253 |   7745 |  17085 |  28 | 1251.4 |
       Dungeon |  17573 |  17003 |    570 |   3495 |   9641 |  15 | 1171.5 |
        Temple |    186 |    162 |     24 |      0 |    148 |   1 |  186.0 |
          Lair |  10324 |   9809 |    515 |   1776 |   5543 |   6 | 1720.7 |
   Spider Nest |   3994 |   3912 |     82 |   1653 |    862 |   3 | 1331.3 |
  Orcish Mines |   2073 |   2013 |     60 |    468 |    704 |   2 | 1036.5 |
        Bailey |    888 |    888 |      0 |    352 |    185 |   1 |  888.0 |
               +--------+--------+--------+--------+--------+-----+--------+

Top non-repeatable levels by time:
  Lair:3: 3123 daAuts
     D:5: 2466 daAuts
    D:14: 2464 daAuts
Spider:2: 2239 daAuts
  Lair:6: 1868 daAuts
  Lair:2: 1529 daAuts
  Lair:4: 1466 daAuts
   Orc:2: 1465 daAuts
    D:13: 1451 daAuts
     D:3: 1436 daAuts
Spider:1: 1409 daAuts
    D:11: 1385 daAuts
  Lair:1: 1344 daAuts
     D:1: 1073 daAuts
    D:15: 1016 daAuts
